 Dungeon Crawl Stone Soup version 0.20.1-1-g8b1a95d (webtiles) character file.

212 manon the Conjurer (level 5, -1/28 HPs)
             Began as a Gargoyle Wizard on Aug 10, 2017.
             Killed from afar by an orc wizard (7 damage)
             ... with a magic dart
             ... on level 3 of the Dungeon.
             The game lasted 00:20:46 (3653 turns).

manon the Conjurer (Gargoyle Wizard)                Turns: 3653, Time: 00:20:48

Health: -1/28      AC:  8    Str: 11    XL:     5   Next: 90%
Magic:  5/9        EV: 12    Int: 19    God:
Gold:   122        SH:  0    Dex:  8    Spells: 3/10 levels left

rFire    + . .     SeeInvis .   i - +0 mace
rCold    . . .     Gourm    .   (no shield)
rNeg     + . .     Faith    .   a - +0 robe
rPois    ∞         Spirit   .   v - +0 helmet
rElec    +         Reflect  .   (no cloak)
rCorr    .         Harm     .   o - +0 pair of gloves
MR       .....                  (no boots)
Stlth    ++........             (no amulet)
Regen    0.1/turn               y - ring of protection from fire
MPRegen  0.2/turn               (no ring)

@: slowed, very slow
A: negative energy resistance 1, electricity resistance, unbreathing,
petrification resistance, rot immunity, AC +4
a: no special abilities


You were on level 3 of the Dungeon.
You were hungry.

You visited 1 branch of the dungeon, and saw 3 of its levels.

You collected 122 gold pieces.

Inventory:

Hand Weapons
 e - a +0 club
 i - a +0 mace (weapon)
 s - a +0 spear
Armour
 a - a +0 robe (worn)
 o - a +0 pair of gloves (worn)
 v - a +0 helmet (worn)
Jewellery
 y - a ring of protection from fire (left hand)
Wands
 x - a wand of disintegration (8/24)
Scrolls
 h - a scroll of teleportation {unknown}
 k - 3 scrolls of remove curse
 l - a scroll of identify
 n - a scroll of fog {unknown}
 u - a scroll of fear {unknown}
 w - a scroll of random uselessness {unknown}
Potions
 b - a potion of resistance {unknown}
 g - 2 potions of berserk rage
 j - a potion of heal wounds {unknown}
 m - 2 potions of might {unknown}
 q - a potion of lignification {unknown}
 r - a potion of mutation {unknown}
 t - 2 potions of curing {unknown}
Books
 c - a book of Minor Magic

   Spells                             Type                      Level
   a - Magic Dart                     Conjuration                  1
   b - Blink                          Translocation                2
   c - Call Imp                       Summoning                    2
   d - Slow                           Hexes                        2
   e - Conjure Flame                  Conjuration/Fire             3
   f - Mephitic Cloud                 Conjuration/Poison/Air       3
Comestibles
 d - a bread ration
 f - 3 royal jellies
 p - 2 meat rations


   Skills:
 + Level 0.4 Fighting
 + Level 0.2 Maces & Flails
 - Level 1.5 Dodging
 - Level 2.1 Stealth
 - Level 3.0 Spellcasting
 + Level 6.0 Conjurations
   Level 0.8 Summonings
   Level 0.8 Translocations
 + Level 0.4 Fire Magic


You had 3 spell levels left.
You knew the following spells:

 Your Spells              Type           Power        Failure   Level  Hunger
a - Magic Dart            Conj           ####         1%          1    None
c - Mephitic Cloud        Conj/Pois/Air  ##......     21%         3    ###....
f - Conjure Flame         Conj/Fire      ###.....     12%         3    ###....


Dungeon Overview and Level Annotations

Branches:
Dungeon (3/15)

Altars:
Cheibriados
Gozag
Nemelex Xobeh


Innate Abilities, Weirdness & Mutations

You are resistant to torment.
Your stone body is resilient. (AC +4)
You are immune to poison.
You resist negative energy. (rN+)
You are resistant to electric shocks. (rElec)
You can survive without breathing.
You are immune to petrification.
You are immune to rotting.


Message History

The orc wizard hits you but does no damage.
The orc wizard gestures wildly while chanting.
The orc wizard seems to speed up.
The orc warrior gestures wildly.
The orc wizard hits you but does no damage.
The orc wizard casts a spell.
The orc wizard flickers and vanishes!
Deactivating autopickup; reactivate with Ctrl-A.
The orc wizard hits you but does no damage.
The orc wizard hits you but does no damage.
The orc wizard casts a spell at you. The magic dart hits you!
* * * LOW HITPOINT WARNING * * *
You closely miss the orc wizard.
The orc wizard is heavily wounded.
The orc wizard mumbles some strange words.
The orc wizard blinks!
A magic dart appears from out of thin air!
The magic dart hits you!
You die...

........##.........o...#
........######.........#
..####### #.........# ###
#.........# #.........#
#.........#######
##########...............#
#.......#####§####.......#
#...........@.# #.......#
#.......####### #).....[#
#########........#
#.......# ..(.# #........#
#.......# ....# #........#
#.......# ....#
#........#####.......#
....#
#....................#
....#
#.#.#..####'##..###.##
....#
#.._....##.8.##..##.#


There were no monsters in sight!

Vanquished Creatures
  Robin (D:2)
  4 gnolls (D:3)
  8 adders
  3 worms
  4 dart slugs
  2 leopard geckos
  An orc (D:3)
  6 bats
  A giant cockroach (D:2)
  12 goblins
  9 hobgoblins
  3 quokkas
  5 frilled lizards
  9 kobolds
  9 rats
77 creatures vanquished.

Notes
Turn   | Place    | Note
-------+----------+-------------------------------------------
     0 | D:1      | manon the Gargoyle Wizard began the quest for the Orb.
     0 | D:1      | Reached XP level 1. HP: 10/10 MP: 4/4
   224 | D:1      | Reached skill level 2 in Conjurations
   267 | D:1      | Reached XP level 2. HP: 15/15 MP: 1/6
   837 | D:2      | Reached skill level 3 in Conjurations
   943 | D:2      | Reached XP level 3. HP: 19/19 MP: 4/7
   945 | D:2      | Found an opulent altar of Gozag.
  1096 | D:2      | Learned a level 3 spell: Conjure Flame
  1296 | D:2      | Reached skill level 4 in Conjurations
  1448 | D:2      | Reached XP level 4. HP: 19/24 MP: 8/8
  1793 | D:2      | Noticed Robin
  1888 | D:2      | Killed Robin
  1910 | D:2      | Learned a level 3 spell: Mephitic Cloud
  2309 | D:3      | Reached skill level 5 in Conjurations
  2360 | D:3      | Reached XP level 5. HP: 24/28 MP: 6/9
  2767 | D:3      | Found a sparkling altar of Nemelex Xobeh.
  3217 | D:3      | Found a snail-covered altar of Cheibriados.
  3405 | D:3      | Reached skill level 6 in Conjurations
  3633 | D:3      | Noticed an orc warrior
  3653 | D:3      | Killed from afar by an orc wizard

Skill      XL: |  1  2  3  4  5 |
---------------+----------------+-----
Conjurations   | 2 3 4 5 6 |  6.0
Fighting       | |  0.4
Maces & Flails | |  0.2
Dodging        | |  1.5
Stealth        | |  2.1
Spellcasting   | |  3.0
Summonings     | |  0.8
Translocations | |  0.8
Fire Magic     | |  0.4

Action                   |  1- 3 |  4- 6 || total
-------------------------+-------+-------++-------
Melee: Club              |     5 |       ||     5
       Mace              |    44 |   108 ||   152
 Cast: Magic Dart        |    59 |    98 ||   157
       Mephitic Cloud    |       |     1 ||     1
  Use: Scroll            |       |     2 ||     2
  Eat: Chunk             |     1 |     7 ||     8
Armor: Robe              |    24 |    71 ||    95
Dodge: Dodged            |    57 |   113 ||   170
